 Dungeon Crawl Stone Soup version 0.31.0-11-ge490571c62 (webtiles) character file.

Game seed: 12901526057080414499

25 qw the Shooter (level 2, -3/14 HPs)
             Began as a Spriggan Hunter on Feb 4, 2024.
             Slain by a hobgoblin
             ... wielding a +0 hand axe
              (7 damage)
             ... on level 1 of the Dungeon.
             The game lasted 00:00:01 (369 turns).

qw the Shooter (Spriggan Hunter)                     Turns: 369, Time: 00:00:01

Health: -3/14      AC:  2    Str:  7    XL:     2   Next: 86%
Magic:  3/3        EV: 19    Int: 10    God:
Gold:   13         SH:  0    Dex: 18    Spells: 1/1 levels left

rFire   . . .        a - +0 shortbow
rCold   . . .        (shield currently unavailable)
rNeg    . . .        c - +0 robe
rPois   .            (helmet restricted)
rElec   .            (no cloak)
rCorr   .            (gloves unavailable)
SInv    +            (boots unavailable)
Will    .....        (no amulet)
Stlth   ++           (no ring)
HPRegen 0.22/turn    (no ring)
MPRegen 0.08/turn

%: no passive effects
@: very quick
A: very small, no large weapons, unfitting armour, see invisible, speed 3
a: no special abilities


You were on level 1 of the Dungeon.
You visited 1 branch of the dungeon, and saw 1 of its levels.

You collected 13 gold pieces.


Innate Abilities, Weirdness & Mutations

You are very small and have problems with some larger weapons.
You are too small for most types of armour.
You have supernaturally acute eyesight. (SInv)
You cover ground extremely quickly. (Speed+++)


   Skills:
 - Level 1.5 Fighting
 + Level 4.3 Ranged Weapons
 - Level 4.0 Dodging
 - Level 1.5 Stealth


You had one spell level left.
You didn't know any spells.
Your spell library was empty.

Inventory:

Hand Weapons
 a - a +0 shortbow (weapon)
Armour
 c - a +0 robe (worn)
Jewellery
 g - an amulet of faith
Scrolls
 b - a scroll of butterflies
 e - a scroll of fear {unknown}
 h - a scroll of identify {unknown}
Potions
 d - a potion of cancellation {unknown}
 f - a potion of brilliance {unknown}

Dungeon Overview and Level Annotations

Branches:
Dungeon (1/15)

Altars:


Message History

You shoot an arrow. The arrow hits the gnoll!
The gnoll shouts!
The gnoll is heavily wounded.
You shoot an arrow. The arrow hits the gnoll.
The gnoll is severely wounded.
You shoot an arrow. The arrow hits the gnoll.
You kill the gnoll!
You hear a loud squeak.
You shoot an arrow. The arrow barely misses the dart slug.
A rat comes into view.
A hobgoblin comes into view. It is wielding a +0 hand axe.
You shoot an arrow. The arrow closely misses the rat.
The arrow hits the dart slug.
The dart slug is lightly wounded.
You shoot an arrow. The arrow barely misses the rat.
The arrow hits the dart slug.
The dart slug is heavily wounded.
The rat closely misses you.
You shoot an arrow. The arrow barely misses the rat.
The arrow hits the dart slug but does no damage.
The dart slug is heavily wounded.
The rat barely misses you.
You shoot an arrow. The arrow closely misses the rat.
The rat closely misses you.
You shoot an arrow. The arrow completely misses the rat.
The rat closely misses you.
You shoot an arrow. The arrow hits the rat.
You kill the rat!
The hobgoblin hits you with a +0 hand axe.
You shoot an arrow. The arrow hits the hobgoblin.
The hobgoblin is moderately wounded.
The hobgoblin hits you with a +0 hand axe.
You shoot an arrow.
The arrow hits the hobgoblin but does no damage.
The hobgoblin is moderately wounded.
The hobgoblin misses you.
You shoot an arrow. The arrow closely misses the hobgoblin.
The hobgoblin hits you with a +0 hand axe!
Ouch! That really hurt!
You die...

#.
#.##.###### #
#.##.##.#
#.......# ###
#.##.#.##...
#.##.#.##.#.
#.#....)....
#.......###.
#...##..#
#.....@.#
##...##g#
#.#.# w..
#.#.# .....
#.... .......
###.###...)..
#.# ......
#.# ......


You could see a dart slug and a hobgoblin.

Vanquished Creatures
  A gnoll (D:1)
  A dart slug (D:1)
  An endoplasm (D:1)
  2 goblins (D:1)
  A hobgoblin (D:1)
  A quokka (D:1)
  2 ball pythons (D:1)
  A bat (D:1)
  A frilled lizard (D:1)
  A kobold (D:1)
  3 rats (D:1)
15 creatures vanquished.

Notes
Turn   | Place    | Note
-------+----------+-------------------------------------------
     0 | D:1      | qw the Spriggan Hunter began the quest for the Orb.
     0 | D:1      | Reached XP level 1. HP: 10/10 MP: 2/2
     0 | D:1      | 0 ||| qw: Version: 0.3-a-160-g6735b56
     0 | D:1      | 0 ||| qw: Game counter: 4804
     0 | D:1      | 0 ||| qw: Melee chars always use a shield: true
     0 | D:1      | 0 ||| qw: God list: Okawaru
     0 | D:1      | 0 ||| qw: Allow faded altars: false
     0 | D:1      | 0 ||| qw: Do Orc after clearing Dungeon:15 true
     0 | D:1      | 0 ||| qw: Do second Lair branch before Depths: true
     0 | D:1      | 0 ||| qw: Lair rune preference: random
     0 | D:1      | 0 ||| qw: Goals: Normal
     0 | D:1      | 0 ||| PLANNING D:1-11
    21 | D:1      | HP: 2/10 [frozen (4)]
    24 | D:1      | Reached skill level 3 in Dodging
   197 | D:1      | Reached XP level 2. HP: 14/14 MP: 3/3
   367 | D:1      | HP: 3/14 [hobgoblin/+0 hand axe (5)]
   369 | D:1      | Slain by a hobgoblin

Levels and vault maps discovered:
D:1:      psy_arrival_terrarium, layout_loops_cross

Skill      XL: |  1  2 |
---------------+-------+-----
Dodging        | 3 4 |  4.0
Fighting       | |  1.5
Ranged Weapons | |  4.3
Stealth        | |  1.5

Action                     || total
---------------------------++-------
   Fire: Shortbow          ||    35
 Armour: Robe              ||     5
  Dodge: Dodged            ||     8

Table legend:
 A = Non-vault XP
 B = Vault XP
 C = Vault XP percentage of total XP
 D = Non-vault monster count
 E = Vault monster count
 F = Vault count percentage of total count
                 A         B        C        D         E       F
            +---------+---------+-------+---------+---------+-------
      Total |      37 |       0 |   0.0 |      15 |       0 |   0.0
            +---------+---------+-------+---------+---------+-------
        D:1 |      37 |       0 |   0.0 |      15 |       0 |   0.0
            +---------+---------+-------+---------+---------+-------
